 Dungeon Crawl Stone Soup version 0.25-a0-1078-gea6e5d949a (webtiles) character file.

Game seed: 16084881385046923575, levelgen mode: deterministic

1296 tabyss the Fighter (level 8, -4/61 HPs)
             Began as an Octopode Chaos Knight on May 15, 2020.
             Was a Believer of Elyvilon.
             Slain by a white imp (5 damage)
             ... summoned by Xom
             ... on level 5 of the Dungeon.
             The game lasted 00:11:38 (5248 turns).

tabyss the Fighter (Octopode Chaos Knight)          Turns: 5248, Time: 00:11:38

Health: -4/61      AC:  1    Str: 13      XL:     8   Next: 56%
Magic:  11/11      EV: 12    Int: 18      God:    Elyvilon [**....]
Gold:   272        SH: 14    Dex: 11 (12) Spells: 7/7 levels left

rFire    . . .     SeeInvis .   m - +0 dagger (venom)
rCold    . . .     Gourm    .   E - +3 kite shield
rNeg     . . .     Faith    +   (helmet restricted)
rPois    .         Spirit   .   e - amulet of faith
rElec    .         Reflect  .   u - ring of stealth
rCorr    .         Harm     .   F - ring of stealth
MR       .....                  H - +6 ring of intelligence
Stlth    ++++......             (no ring)
HPRegen  0.20/turn              (no ring)
MPRegen  0.12/turn              (no ring)
                                (no ring)
                                (no ring)

@: no status effects
A: almost no armour, stealthy swim, amphibious, 8 rings, constrict 8, large bone
plates 1, camouflage 1, dopey 1, screaming 1, gelatinous body 1
a: Lesser Healing, Heal Other, Divine Protection, Renounce Religion


You were on level 5 of the Dungeon.
You worshipped Elyvilon.
Elyvilon was pleased with you.
You were hungry.

You visited 2 branches of the dungeon, and saw 7 of its levels.

You collected 272 gold pieces.

Inventory:

Hand Weapons
 a - a +0 spear of chaos
 c - a +0 trident
 l - a cursed +4 club of chaos
 m - a +0 dagger of venom (weapon)
 n - a +0 dagger of holy wrath
 p - a +0 hunting sling
 t - the +6 halberd "Esuywn" {chaos, rC+ Str+6}
   (Xom gifted it to you on level 3 of the Dungeon)

   Each time it hits an enemy it has a different, random effect.
   It affects your strength (+6).
   It protects you from cold.
   Elyvilon disapproves of the use of such an item.
 y - a +2 dagger of freezing
 z - a +0 rapier
 D - a +0 dagger of speed
Missiles
 h - 137 stones (quivered)
 r - 20 sling bullets
 A - 3 boomerangs
Armour
 E - a +3 kite shield (worn)
Jewellery
 e - an amulet of faith (around mantle)
 u - a ring of stealth (left tentacle)
 F - a ring of stealth (right tentacle)
 H - a +6 ring of intelligence (on tentacle)
Wands
 w - a wand of polymorph (2)
 G - a wand of iceblast (7)
 J - a wand of enslavement (9)
Scrolls
 i - 2 scrolls of random uselessness
 j - 2 scrolls of immolation
 o - a scroll of remove curse {@r2}
 v - a scroll of fear
Potions
 d - a potion of mutation
 f - 3 potions of curing {@q1}
 g - 2 potions of resistance {unknown}
 k - 2 potions of degeneration
 q - a potion of ambrosia
 s - a potion of lignification {unknown}
 x - 2 potions of brilliance
Comestibles
 b - 7 rations


   Skills:
 * Level 8.1 Fighting
 - Level 3.0 Polearms
 - Level 5.4 Dodging
 + Level 1.2 Shields
 + Level 0.0 Invocations
 + Level 4.4 Evocations


You had 7 spell levels left.
You didn't know any spells.
Your spell library was empty.

Dungeon Overview and Level Annotations

Branches:
Dungeon (6/15)             Temple (1/1) D:6

Altars:
Ashenzari
Cheibriados
Dithmenos
Elyvilon
Fedhas
Gozag
Hepliaklqana
Kikubaaqudgha
Makhleb
Nemelex Xobeh
Okawaru
Ru
Sif Muna
Trog
Uskayaw
Vehumet
Wu Jian
Xom
Yredelemnul
Zin
The Shining One

Shops:
D:6 (

Annotations:
D:3 1 runed translucent door, Turtleman12345's ghost, amateur OpTm
D:4 Menkaure


Innate Abilities, Weirdness & Mutations

You cannot wear most types of armour.
You are very stealthy in the water. (Stealth+)
You are amphibious.
You can wear up to eight rings at the same time.
You can use your tentacles to constrict eight enemies at once.
Your skin changes colour to match your surroundings (Stealth+).
Your rubbery body absorbs attacks. (AC +1, EV +1)
You are partially covered in large bone plates. (SH +4)
You are dopey. (Int -2)
You occasionally shout uncontrollably at your foes.


Message History

The quasit claws you but does no damage.
The quasit misses you. You block the white imp's attack. The iron imp hits you.
* * * LOW HITPOINT WARNING * * *
The shadow imp hits you.
* * * LOW HITPOINT WARNING * * *
The crimson imp hits you.
* * * LOW HITPOINT WARNING * * *
You closely miss the shadow imp. Your grab misses the shadow imp.
You squeeze the shadow imp, but do no damage.
The quasit closely misses you. The quasit claws you.
* * * LOW HITPOINT WARNING * * *
The quasit closely misses you. The white imp barely misses you.
You block the shadow imp's attack. You block the iron imp's attack.
The crimson imp completely misses you. The quasit closely misses you.
The quasit barely misses you. You block the quasit's attack.
You closely miss the shadow imp. Your grab misses the shadow imp.
The white imp hits you.
* * * LOW HITPOINT WARNING * * *
The white imp freezes you.
You die...

. .. ##### ####
...####§..### ...##
.....§§55§..###....#
.....55555..#.....#
.....55@55.......###
############...>.....##
##.#####8###...........#
#_.#.#.#.#.8.......#...#
#⌠.............#..##...##
##............##..##....#
#..#.#.#.#.8..........#.##
##########_#........###..#
# ######....##...##..#


You could see an iron imp (summoned), a quasit (summoned), a crimson imp
(summoned), 2 white imps, 5 shadow imps and an ufetubus (summoned).

Vanquished Creatures
  A wyvern (D:5)
  3 ogres
  A big kobold (D:4)
  2 bullfrogs (D:6)
  Dowan (D:4)
  A howler monkey (D:6)
  2 crimson imps
  A hound (D:5)
  3 orc priests
  4 orc wizards
  A bullfrog skeleton (D:6)
  An iguana (D:6)
  2 worker ants
  A hound skeleton (D:3)
  Robin (D:2)
  5 adders
  An adder skeleton (D:4)
  2 worms (D:2)
  5 dart slugs
  4 leopard geckos
  20 orcs
  2 ball pythons
  9 bats
  2 giant cockroaches
  17 goblins
  14 hobgoblins
  A quokka (D:5)
  6 frilled lizards
  3 kobolds
  2 quokka skeletons
  6 rats
124 creatures vanquished.

Notes
Turn   | Place    | Note
-------+----------+-------------------------------------------
     0 | D:1      | tabyss the Octopode Chaos Knight began the quest for the
                  | Orb.
     0 | D:1      | Reached XP level 1. HP: 16/16 MP: 1/1
    64 | D:1      | XOM: smoke on damage
   152 | D:1      | Reached XP level 2. HP: 21/21 MP: 2/2
   171 | D:1      | XOM: divination: magic mapping
   490 | D:1      | Reached XP level 3. HP: 27/27 MP: 3/3
   703 | D:2      | Noticed Robin
   707 | D:1      | Reached skill level 4 in Fighting
   774 | D:1      | XOM: silly message
   939 | D:2      | XOM: noise
  1009 | D:2      | XOM: chaos upgrade
  1111 | D:2      | XOM: silly message
  1128 | D:2      | Reached XP level 4. HP: 26/33 MP: 4/4
  1245 | D:2      | Killed Robin
  1344 | D:2      | XOM: 3-stop teleportation journey
  1576 | D:2      | Found a glowing golden altar of the Shining One.
  1798 | D:2      | XOM: summons 3 hostile demons
  2015 | D:3      | XOM: silly message
  2056 | D:3      | Found a runed translucent door.
  2066 | D:3      | XOM: cleaving
  2068 | D:3      | Reached skill level 5 in Fighting
  2068 | D:3      | Reached XP level 5. HP: 39/39 MP: 5/5
  2071 | D:3      | Noticed Turtleman12345's ghost (amateur OpTm)
  2093 | D:3      | XOM: god gift: crude halberd {god gift}
  2094 | D:3      | Got a crude halberd {god gift}
  2099 | D:3      | Identified the +6 halberd "Esuywn" {chaos, rC+ Str+6} (Xom
                  | gifted it to you on level 3 of the Dungeon)
  2160 | D:3      | XOM: scenery: create altars
  2260 | D:3      | XOM: 8-stop teleportation journey
  2301 | D:3      | XOM: give mutation
  2301 | D:3      | Gained mutation: You evolve. [Xom's grace]
  2343 | D:3      | XOM: stat loss: -1 Dex (10/11)
  2410 | D:4      | XOM: butterfly on damage
  2591 | D:4      | Found a white marble altar of Elyvilon.
  2615 | D:4      | XOM: scenery: 1 doors open
  2644 | D:4      | Fell from the grace of Xom
  2644 | D:4      | Became a worshipper of Elyvilon the Healer
  2661 | D:4      | Noticed Duvessa
  2664 | D:4      | Noticed Duvessa
  2664 | D:4      | Duvessa changed into Duvessa the big kobold
  2664 | D:4      | Noticed Dowan
  2676 | D:4      | Killed Duvessa the big kobold
  2676 | D:4      | Reached skill level 1 in Evocations
  2676 | D:4      | Reached XP level 6. HP: 34/46 MP: 6/6
  2681 | D:4      | Killed Dowan
  2833 | D:3      | XOM: scenery: create altars
  2885 | D:3      | XOM: draining
  2897 | D:3      | Reached skill level 6 in Fighting
  3051 | D:4      | XOM: 4-stop teleportation journey
  3103 | D:4      | XOM: torment (21/46 hp)
  3105 | D:4      | Found a radiant altar of Vehumet.
  3235 | D:4      | XOM: stat loss: -1 Str (12/13)
  3244 | D:4      | Noticed Menkaure
  3464 | D:4      | XOM: give mutations
  3464 | D:4      | Gained mutation: You are clumsy. (Dex -2) [Xom's mischief]
  3464 | D:4      | Gained mutation: You occasionally shout uncontrollably at
                  | your foes. [Xom's mischief]
  3464 | D:4      | Gained mutation: You are dopey. (Int -2) [Xom's mischief]
  3464 | D:4      | Lost mutation: You are clumsy. (Dex -2) [Xom's mischief]
  3579 | D:4      | Reached XP level 7. HP: 42/52 MP: 8/8
  3679 | D:4      | Reached * piety under Elyvilon
  3946 | D:4      | Gained mutation: You are partially covered in large bone
                  | plates. (SH +4) [evolution]
  3946 | D:4      | Lost mutation: You evolve. [end of evolution]
  4016 | D:5      | Entered Level 5 of the Dungeon
  4144 | D:5      | Found a snail-covered altar of Cheibriados.
  4150 | D:5      | XOM: god gift: wand of iceblast (11)
  4164 | D:5      | Found a shadowy altar of Dithmenos.
  4181 | D:5      | XOM: stat loss: -2 Dex (10/12)
  4244 | D:5      | Reached skill level 7 in Fighting
  4314 | D:5      | Reached skill level 5 in Dodging
  4332 | D:5      | Reached XP level 8. HP: 31/60 MP: 10/10
  4358 | D:5      | Noticed a wyvern
  4373 | D:5      | Killed a wyvern
  4399 | D:6      | Reached ** piety under Elyvilon
  4399 | D:6      | Found Fomeol's Weapon Shoppe.
  4840 | D:6      | Found a staircase to the Ecumenical Temple.
  4846 | Temple   | Entered the Ecumenical Temple
  4902 | Temple   | XOM: noise
  5050 | D:6      | Reached skill level 8 in Fighting
  5050 | D:6      | Reached skill level 1 in Shields
  5235 | D:5      | XOM: summons 14 hostile demons
  5247 | D:5      | HP: 3/61 [quasit[Xom] (1)]
  5248 | D:5      | HP: 1/61 [white imp[Xom] (2)]
  5248 | D:5      | Slain by a white imp

Illustrated notes

Levels and vault maps discovered:
D:1:      minmay_arrival_stair_chambers, layout_basic, minmay_door_square
D:2:      layout_basic, lemuel_round_altar, uniq_robin
D:3:      layout_rooms, first_ration, hellmonk_ghost_happy_afterlife
D:4:      layout_basic, kennysheep_mini_moat, lemuel_doored_altar, uniq_duvessa,
          uniq_menkaure
D:5:      layout_cave_pools, minitemple, minmay_bent
D:6:      minmay_spotlight, layout_basic, minmay_temple_entry_enclosed_plants,
          serial_shops, shop_statue, fountainhead, uniq_sigmund,
          uniq_blork_the_orc
Temple:   nicolae_temple_elliptical

Skill      XL: |  1  2  3  4  5  6  7  8 |
---------------+-------------------------+-----
Fighting       | 4 5 6 7 8 |  8.1
Dodging        | 3 4 5 |  5.4
Evocations     | 1 2 3 4 |  4.4
Shields        | 1 |  1.2
Polearms       | |  3.0

Action                   |  1- 3 |  4- 6 |  7- 9 || total
-------------------------+-------+-------+-------++-------
Melee: Spear             |    85 |       |       ||    85
       Constrict         |    18 |    40 |    23 ||    81
       Tentacles         |    11 |    29 |    27 ||    67
       Dagger            |       |   106 |   112 ||   218
       Halberd           |       |    26 |       ||    26
Throw: Stone             |       |     2 |     4 ||     6
Evoke: Wand              |       |     3 |     5 ||     8
  Use: Scroll            |       |     6 |     6 ||    12
       Potion            |       |       |     1 ||     1
 Stab: Sleeping          |     6 |     8 |     2 ||    16
       Paralysed         |     1 |       |       ||     1
  Eat: Chunk             |     1 |     7 |     5 ||    13
Armor: Skin              |     3 |     4 |     9 ||    16
Dodge: Dodged            |    31 |    79 |    72 ||   182
Block: Other             |       |       |    14 ||    14
       Kite shield       |       |       |    37 ||    37

Table legend:
 A = Non-vault XP
 B = Vault XP
 C = Vault XP percentage of total XP
 D = Non-vault monster count
 E = Vault monster count
 F = Vault count percentage of total count
                 A         B        C        D         E       F
            +---------+---------+-------+---------+---------+-------
      Total |    1419 |     433 |  23.4 |     107 |      17 |  13.7
            +---------+---------+-------+---------+---------+-------
        D:1 |      48 |       6 |  11.1 |      24 |       3 |  11.1
        D:2 |      51 |      34 |  40.0 |      22 |      10 |  31.2
        D:3 |     123 |       0 |   0.0 |      20 |       0 |   0.0
        D:4 |     291 |     178 |  38.0 |      20 |       2 |   9.1
        D:5 |     475 |     214 |  31.1 |      14 |       1 |   6.7
        D:6 |     431 |       1 |   0.2 |       7 |       1 |  12.5
            +---------+---------+-------+---------+---------+-------
